 Dungeon Crawl Stone Soup version 0.23-a0-8-gb809bb7 (webtiles) character file.

165 zishaf the Chiller (level 5, 0/37 HPs)
             Began as a Demonspawn Ice Elementalist on Aug 2, 2018.
             Was a Follower of Nemelex Xobeh.
             Succumbed to an orc wizard's poison
             ... on level 4 of the Dungeon.
             The game lasted 00:12:01 (4692 turns).

zishaf the Chiller (Demonspawn Ice Elementalist)    Turns: 4692, Time: 00:12:01

Health: 0/37       AC: 11    Str: 11    XL:     5   Next: 21%
Magic:  8/8        EV:  2    Int: 17    God:    Nemelex Xobeh [*.....]
Gold:   186        SH:  0    Dex: 13    Spells: 7/8 levels left

rFire    + . .     SeeInvis .   d - +1 dagger (drain)
rCold    . . .     Gourm    .   (no shield)
rNeg     . . .     Faith    .   j - +0 plate armour
rPois    .         Spirit   .   (helmet restricted)
rElec    .         Reflect  .   (no cloak)
rCorr    .         Harm     .   (no gloves)
MR       +....                  h - +0 pair of boots
Stlth    ..........             (no amulet)
HPRegen  0.12/turn              (no ring)
MPRegen  0.11/turn              (no ring)

@: lethally poisoned (0 -> -7)
A: antennae 1, fire resistance 1, magic resistance 1, strong 1
a: Renounce Religion


You were on level 4 of the Dungeon.
You worshipped Nemelex Xobeh.
Nemelex Xobeh was aware of your devotion.
You were not hungry.

You visited 1 branch of the dungeon, and saw 4 of its levels.

You collected 186 gold pieces.

Inventory:

Hand Weapons
 d - a +1 dagger of draining (weapon)
Missiles
 i - 9 tomahawks (quivered)
Armour
 a - a +0 robe
 h - a +0 pair of boots (worn)
 j - a +0 plate armour (worn)
 q - a +0 robe
Jewellery
 m - an uncursed ring of fire
Wands
 o - a wand of digging (12)
Scrolls
 b - 2 scrolls of identify
 e - a scroll of magic mapping
 k - 2 scrolls of teleportation {unknown}
 l - 2 scrolls of remove curse {unknown}
Potions
 r - 2 potions of brilliance
Miscellaneous
 n - an ornate deck of destruction {drawn: 2}
Comestibles
 c - 5 rations


   Skills:
 - Level 1.0 Fighting
 * Level 1.4 Throwing
 - Level 1.0 Armour
 - Level 2.5 Dodging
 - Level 2.1 Stealth
 - Level 2.0 Spellcasting
   Level 1.0 Conjurations
 * Level 3.9 Ice Magic
 + Level 1.4 Invocations


You had 7 spell levels left.
You knew the following spells:

 Your Spells              Type           Power        Failure   Level  Hunger
a - Freeze                Ice            ###.         100%        1    #......

Your spell library contained the following spells:

 Spells                   Type           Power        Failure   Level  Hunger
 Throw Frost              Conj/Ice       ##....       100%        2    ###....
 Summon Ice Beast         Ice/Summ       #.......     100%        4    #####..
 Ozocubu's Armour         Chrm/Ice       #.......     100%        3    ###....
 Throw Icicle             Conj/Ice       ##......     100%        4    #####..


Dungeon Overview and Level Annotations

Branches:
Dungeon (4/15)
 Temple: D:4-7

Altars:
Fedhas
Nemelex Xobeh
Qazlal


Innate Abilities, Weirdness & Mutations

You have a pair of small antennae on your head.
Your flesh is heat resistant. (rF+)
You are resistant to hostile enchantments. (MR+)
Your muscles are strong. (Str +2)


Message History

The orc priest is almost dead.
The orc hits you but does no damage.
The orc wizard hits you but does no damage.
You are poisoned.
The orc priest hits you with a dagger.
The orc priest hits you but does no damage.
You hit the orc priest.
You kill the orc priest!
You feel your dexterity returning.
You have reached level 5!
Your demonic ancestry asserts itself...
A pair of antennae grows on your head!
You feel sick. The orc completely misses you.
The orc wizard hits you but does no damage.
The orc priest calls down the wrath of Beogh upon you.
Beogh smites you!
* * * LOW HITPOINT WARNING * * *
You closely miss the orc priest.
You die...
Your body disappears without a glow.

....+ .#
############...##.#
##.........##...##.#####
#.......o...............
#......@o...............
#......)o...............
#............(..........
#............(.<........
#.......................
#.......................
#.......................
#.......................
#.......................


You could see an orc priest, an orc wizard and an orc.

Vanquished Creatures
  An orc priest (D:4)
  A hound (D:4)
  3 adders
  3 oozes
  A worm (D:4)
  2 dart slugs (D:1)
  2 leopard geckos (D:3)
  An orc (D:3)
  2 giant cockroaches
  6 goblins
  11 hobgoblins
  3 jackals
  A quokka (D:2)
  3 bats (D:1)
  3 frilled lizards
  7 kobolds
  5 rats
55 creatures vanquished.

Notes
Turn   | Place    | Note
-------+----------+-------------------------------------------
     0 | D:1      | zishaf the Demonspawn Ice Elementalist began the quest for the Orb.
     0 | D:1      | Reached XP level 1. HP: 13/13 MP: 3/3
   349 | D:1      | Gained mutation: Your flesh is heat resistant. (rF+) [demonic ancestry]
   349 | D:1      | Reached XP level 2. HP: 19/19 MP: 3/5
   501 | D:1      | Reached skill level 3 in Ice Magic
   872 | D:1      | Reached XP level 3. HP: 15/24 MP: 2/6
  1664 | D:2      | Found a sparkling altar of Nemelex Xobeh.
  1730 | D:2      | Found a blossoming altar of Fedhas.
  2070 | D:2      | Found a sparkling altar of Nemelex Xobeh.
  2242 | D:2      | Became a worshipper of Nemelex Xobeh the Trickster
  2305 | D:2      | Received a gift from Nemelex Xobeh
  2530 | D:3      | Reached XP level 4. HP: 10/31 MP: 7/7
  2540 | D:3      | Gained mutation: You are resistant to hostile enchantments. (MR+) [potion of mutation]
  2540 | D:3      | Gained mutation: Your muscles are strong. (Str +2) [potion of mutation]
  3599 | D:3      | Found a stormy altar of Qazlal.
  3608 | D:3      | Reached skill level 1 in Fighting
  3748 | D:3      | Reached * piety under Nemelex Xobeh
  3785 | D:3      | Reached skill level 1 in Armour
  4228 | D:4      | Reached skill level 1 in Throwing
  4228 | D:4      | Reached skill level 1 in Invocations
  4691 | D:4      | Gained mutation: You have a pair of small antennae on your head. [demonic ancestry]
  4691 | D:4      | Reached XP level 5. HP: 15/37 MP: 8/8
  4691 | D:4      | HP: 1/37 [orc priest/divine providence (13)]
  4692 | D:4      | Succumbed to an orc wizard's poison

Vault maps used:
D:1:      dpeg_arrival_shelter, corexii_corridor_pit
D:2:      nemelex_xobeh_ov_fountains_minmay, fedhas_altar_2,
          minmay_misc_feat_iff, nemelex_diamond_rough_becter
D:3:      grunt_qazlal_clouds, minivault_26
D:4:      gammafunk_ghost_icy

Skill      XL: |  1  2  3  4 |
---------------+-------------+-----
Stealth        | 2 |  2.1
Dodging        | 2 |  2.5
Ice Magic      | 3 |  3.9
Fighting       | 1 |  1.0
Armour         | 1 |  1.0
Throwing       | 1 |  1.4
Invocations    | 1 |  1.4
Spellcasting   | |  2.0
Conjurations   | |  1.0

Action                   |  1- 3 |  4- 6 || total
-------------------------+-------+-------++-------
Melee: Unarmed           |     7 |       ||     7
       Dagger            |   155 |   167 ||   322
Throw: Javelin           |    31 |    29 ||    60
       Tomahawk          |     5 |    18 ||    23
 Cast: Freeze            |    16 |       ||    16
Evoke: Deck              |       |     2 ||     2
  Use: Scroll            |       |     5 ||     5
       Potion            |       |     2 ||     2
 Stab: Sleeping          |     3 |       ||     3
  Eat: Chunk             |     5 |     3 ||     8
       Ration            |       |     2 ||     2
Armor: Robe              |    16 |       ||    16
       Plate armour      |    67 |   173 ||   240
Dodge: Dodged            |    45 |     7 ||    52

Table legend:
 A = Spawn XP
 B = Non-spawn XP
 C = Spawn XP percentage of total XP
 D = Spawn monster count
 E = Non-spawn monster count
 F = Spawn count percentage of total count
 G = Total turns spent on level
                    A         B        C        D         E        F      G
               +---------+---------+-------+---------+---------+-------+---------
         Total |       0 |     236 |   0.0 |       0 |      55 |   0.0 |  4692
               +---------+---------+-------+---------+---------+-------+---------
           D:1 |       0 |      54 |   0.0 |       0 |      25 |   0.0 |  1560
           D:2 |       0 |      35 |   0.0 |       0 |      10 |   0.0 |  1369
           D:3 |       0 |      40 |   0.0 |       0 |      14 |   0.0 |  1112
           D:4 |       0 |     107 |   0.0 |       0 |       6 |   0.0 |   651
               +---------+---------+-------+---------+---------+-------+---------
